 Dungeon Sprint DCSS version 0.19-a0-860-g5c370dd (webtiles) character file.

94 LORDOFBUTT the Skirmisher (level 4, 0/40 HPs)
             Began as a Demonspawn Berserker on July 3, 2016.
             Was an Elder of Trog.
             Succumbed to a scorpion's poison
             ... in the Dungeon (Sprint IX: "|||||||||||||||||||||||||||||").
             The game lasted 00:00:21 (52 turns).

LORDOFBUTT the Skirmisher (Demonspawn Berserker)      Turns: 52, Time: 00:00:22

Health: 0/40       AC:  6    Str: 17    XL:     4   Next: 38%
Magic:  1/4        EV: 14    Int:  9    God:    Trog [****..]
Gold:   0          SH:  0    Dex: 13    Spells: 0 memorised, 3 levels left

rFire  . . .     SeeInvis .     a - +0 mace
rCold  + . .     Gourm    .     b - +0 animal skin
rNeg   . . .     Faith    .     (no shield)
rPois  .         Spirit   +     (no helmet)
rElec  .         Dismiss  .     (no cloak)
rCorr  .         Reflect  .     (no gloves)
SustAt .         Harm     .     (no boots)
MR     .....     NoTele   +     (no amulet)
Stlth  +.........               (no ring)
                                (no ring)

@: lethally poisoned (0 -> -12), exhausted, slowed, very slow, not resistant to
hostile enchantments, very unstealthy
A: iridescent scales 1, cold resistance 1, magic shield
a: Berserk, Trog's Hand, Brothers in Arms, Burn Spellbooks, Renounce Religion


You were in the Dungeon.
You worshipped Trog.
Trog was greatly pleased with you.
You were not hungry.

You visited 1 branch

Inventory:

Hand Weapons
 a - a +0 mace (weapon)
Armour
 b - a +0 animal skin (worn)
Scrolls
 i - a scroll of blinking
Potions
 d - a potion of curing
 e - a potion of heal wounds
 f - a potion of haste
 g - 2 potions of magic
 h - a potion of berserk rage
Comestibles
 c - a bread ration


   Skills:
 + Level 6.1 Fighting
 + Level 5.3 Maces & Flails
 + Level 2.7 Armour
 + Level 3.9 Dodging


You had 3 spell levels left.
You didn't know any spells.

Dungeon Overview and Level Annotations

Branches:
Dungeon (1/1)

Altars:


Innate Abilities, Weirdness & Mutations

You are partially covered in iridescent scales. (AC +4)
Your flesh is cold resistant. (rC+)
When hurt, damage is shared between your health and your magic reserves.


Message History

You barely miss the scorpion.
The scorpion is severely wounded.
The scorpion stings you!
* * * LOW HITPOINT WARNING * * *
The scorpion stings you but does no damage.
You hit the scorpion.
The scorpion is almost dead.
The scorpion misses you.
You closely miss the scorpion.
The scorpion is almost dead.
The scorpion misses you. The scorpion barely misses you.
You hit the scorpion.
The scorpion is almost dead.
The scorpion closely misses you. The scorpion stings you.
* * * LOW HITPOINT WARNING * * *
You are lethally poisoned!
The scorpion poisons you!
You closely miss the scorpion.
The scorpion is almost dead.
You die...

▓.▓
▓.▓
▓'▓
▓†▓
▓†▓
▓.▓
▓.▓
▓.▓
▓@▓
▓s▓
▓†▓
▓.▓
▓.▓
▓.▓
▓+▓


You could see a scorpion.

Vanquished Creatures
  A scorpion (D)
  A crimson imp (D)
  2 dart slugs (D)
  An orc (D)
  2 bats (D)
  A giant newt (D)
  A rat (D)
9 creatures vanquished.

Notes
Turn   | Place    | Note
-------+----------+-------------------------------------------
     0 | D        | LORDOFBUTT the Demonspawn Berserker began the quest for the Orb.
     0 | D        | Reached XP level 1. HP: 18/18 MP: 1/1
    14 | D        | Reached ** piety under Trog
    25 | D        | Noticed a crimson imp
    25 | D        | Noticed a scorpion
    25 | D        | Noticed a scorpion
    28 | D        | Reached *** piety under Trog
    28 | D        | Gained mutation: You are partially covered in iridescent scales. (AC +4) [demonic ancestry]
    28 | D        | Reached XP level 2. HP: 23/25 MP: 2/2
    31 | D        | Killed a scorpion
    31 | D        | Reached skill level 5 in Fighting
    31 | D        | Gained mutation: When hurt, damage is shared between your health and your magic reserves. [demonic ancestry]
    31 | D        | Reached XP level 3. HP: 31/33 MP: 3/3
    36 | D        | Reached skill level 6 in Fighting
    36 | D        | Reached skill level 5 in Maces & Flails
    36 | D        | Gained mutation: Your flesh is cold resistant. (rC+) [demonic ancestry]
    36 | D        | Reached XP level 4. HP: 38/40 MP: 4/4
    37 | D        | Reached **** piety under Trog
    51 | D        | HP: 2/40 [scorpion (5)]
    52 | D        | Succumbed to a scorpion's poison

Vault maps used:
D:        linesprint

Skill      XL: |  1  2  3 |
---------------+----------+-----
Maces & Flails | 3 4 5 |  5.3
Dodging        | 2 3 |  3.9
Armour         | 2 |  2.7
Fighting       | 5 6 |  6.1

Action                   |  1- 3 |  4- 6 || total
-------------------------+-------+-------++-------
Melee: Mace              |    22 |    13 ||    35
Invok: Berserk           |     1 |       ||     1
Armor: Animal skin       |     3 |     2 ||     5
Dodge: Dodged            |    15 |     8 ||    23
